 Dungeon Crawl Stone Soup version 0.29.1-1-gd02db6906a (webtiles) character file.

Game seed: 9756255793199092923

2957 LabCoat the Cleaver (level 9, -9/82 HPs)
             Began as a Hill Orc Fighter on Oct 16, 2022.
             Was a Follower of Trog.
             Shot with a bolt by an orc warrior (22 damage)
             ... on level 8 of the Dungeon.
             The game lasted 00:26:06 (8340 turns).

LabCoat the Cleaver (Hill Orc Fighter)              Turns: 8340, Time: 00:26:06

Health: -9/82      AC: 13    Str: 23    XL:     9   Next: 81%
Magic:  9/9        EV:  8    Int:  8    God:    Trog [*.....]
Gold:   276        SH: 10    Dex: 10    Spells: 8/8 levels left

rFire   x . .      SeeInvis .   a - +1 war axe
rCold   + . .      Faith    .   c - +0 buckler
rNeg    + . .      Spirit   .   r - +0 chain mail
rPois   .          Reflect  +   x - +0 helmet
rElec   .          Harm     .   (no cloak)
rCorr   .          Rampage  .   f - +1 pair of gloves
Will    .....                   (no boots)
Stlth   ..........              o - amulet of reflection
HPRegen 0.23/turn               q - ring of positive energy
MPRegen 0.11/turn               w - ring of ice

@: no status effects
A: no striking features
a: Renounce Religion, Berserk


You were on level 8 of the Dungeon.
You worshipped Trog.
Trog was aware of your devotion.
You visited 2 branches of the dungeon, and saw 9 of its levels.

You collected 276 gold pieces.

Inventory:

Hand Weapons
 a - a +1 war axe (weapon)
 F - a +2 flail of protection
Missiles
 H - 3 boomerangs (quivered)
 J - 6 javelins
Armour
 c - a +0 buckler (worn)
 f - a +1 pair of gloves (worn)
 r - a +0 chain mail (worn)
 x - a +0 helmet (worn)
 A - a +0 plate armour
Jewellery
 o - an amulet of reflection (around neck)
 q - a ring of positive energy (left hand)
 w - a ring of ice (right hand)
 y - a ring of ice
Wands
 C - a wand of charming (8)
 K - a wand of acid (4)
Scrolls
 e - a scroll of torment {unknown}
 g - 3 scrolls of fear
 h - 4 scrolls of teleportation
 k - a scroll of enchant weapon
 m - a scroll of enchant armour {unknown}
 n - a scroll of silence {unknown}
 s - a scroll of amnesia {unknown}
 t - 2 scrolls of butterflies
 v - 2 scrolls of immolation
 z - a scroll of blinking
 D - 2 scrolls of poison
 E - a scroll of vulnerability {unknown}
 G - a scroll of magic mapping {unknown}
Potions
 b - 4 potions of attraction {unknown}
 d - a potion of berserk rage {unknown}
 i - 2 potions of lignification
 j - 2 potions of brilliance {unknown}
 l - 2 potions of magic
 p - a potion of flight {unknown}
 u - 6 potions of curing
 B - a potion of degeneration {unknown}
 I - a potion of mutation {unknown}


   Skills:
 * Level 8.4 Fighting
 * Level 8.6 Axes
 + Level 3.8 Throwing
 + Level 5.8 Armour
 + Level 3.3 Dodging
 + Level 5.8 Shields
 + Level 4.1 Evocations


You had 8 spell levels left.
You didn't know any spells.
Your spell library contained the following spells:

 Spells                   Type           Power      Damage    Failure   Level
 Sting                    Tmut/Pois      0%         1d3       98%         1
 Ensorcelled Hibernation  Hex/Ice        0%         N/A       99%         2
 Passwall                 Tmut/Erth      0%         N/A       99%         2
 Poisonous Vapours        Pois/Air       0%         N/A       99%         2
 Swiftness                Air            0%         N/A       100%        3
 Corpse Rot               Necr/Pois/Air  0%         N/A       100%        4
 Olgreb's Toxic Radiance  Pois           0%         N/A       100%        4


Dungeon Overview and Level Annotations

Branches:
Dungeon (8/15)             Temple (1/1) D:7
   Lair: D:8-11

Altars:
Ashenzari
Cheibriados
Dithmenos
Elyvilon
Gozag
Hepliaklqana
Kikubaaqudgha
Makhleb
Nemelex Xobeh
Okawaru
Qazlal
Trog
Uskayaw
Vehumet
Wu Jian
Xom
Yredelemnul
Zin

Shops:
D:3 (

Annotations:
D:5 1 runed translucent door, Rediskos's ghost, novice TeSu


Message History

The orc priest is heavily wounded.
You hit the orc warrior but do no damage.
You block the orc warrior's attack.
The orc priest calls down the wrath of Beogh upon you.
Beogh smites you!
You closely miss the orc priest.
The orc priest is heavily wounded.
The orc priest shouts, "Beogh is our master!
Accept the truth or die!"
You hit something. You slash the orc warrior!
You block the orc warrior's attack.
The orc priest hits you with a +0 flail.
You hear some strange, mumbled words.
A puff of flame appears from out of thin air!
The puff of flame reflects off an invisible shield around you!
The puff of flame hits something.
You barely miss the orc priest.
The orc priest is heavily wounded.
The orc priest shouts, "Beogh is our master!
Accept the truth or die!"
You hit the orc warrior. You miss something.
Your surroundings suddenly seem different.
Found 6 stones.
You start resting.
Something unseen opens the door.
The orc warrior unwields a +0 short sword.
The orc warrior wields a +0 arbalest.
The orc warrior shoots a bolt.
The bolt hits you!
You hear a shout! x2
You see here 6 stones.
The orc warrior shoots a bolt.
The bolt hits you!
* * * LOW HITPOINT WARNING * * *
Okay, then.
Aiming: Corrosive Bolt
Press: ? - help, Shift-Dir - straight line, f - orc warrior
Aim: an orc warrior, wielding a +0 arbalest and wearing a +0 chain mail (moderately wounded, 71% to hit)
The bolt of acid misses the orc warrior.
The orc warrior shoots a bolt.
The bolt hits you!
* * * LOW HITPOINT WARNING * * *
It was a potion of curing.
You feel better.
The orc warrior shoots a bolt.
The bolt hits you!!
You die...

#...#..#....#............
#...#..#.{oo#............
#<..#..###'##............
#...#................(...
#..########.........#####
#..# ............# #..#
.........###### #..#
......#o###...# #..#
......+..@(...# #..#
......#.......#
......#########


You could see an orc warrior.

Vanquished Creatures
  Pikel (D:5)
  Eustachio (D:4)
  3 steam dragons
  2 water moccasins
  A sky beast (D:7)
  An ice beast (D:6)
  A black bear (D:7)
  3 centaurs
  4 lemures (D:5)
  3 bullfrogs
  A scorpion (D:5)
  3 wights (D:7)
  6 hounds
  2 orc priests
  2 jellies
  Jessica (D:2)
  Ijyb (D:3)
  4 iguanas
  4 orc wizards
  Robin (D:3)
  11 adders
  4 gnolls (D:6)
  2 white imps
  2 ufetubi
  17 orcs
  8 bats
  6 endoplasms
  2 giant cockroaches
  14 goblins
  9 hobgoblins
  3 jackals (D:4)
  6 kobolds
  4 quokkas
  4 ball pythons
  2 frilled lizards
  10 rats
149 creatures vanquished.

Vanquished Creatures (others)
  A hound (D:7)
  An orc (D:4)
2 creatures vanquished.

Grand Total: 151 creatures vanquished

Notes
Turn   | Place    | Note
-------+----------+-------------------------------------------
     0 | D:1      | LabCoat the Hill Orc Fighter began the quest for the Orb.
     0 | D:1      | Reached XP level 1. HP: 19/19 MP: 1/1
   223 | D:1      | Reached XP level 2. HP: 19/27 MP: 2/2
   339 | D:1      | Found a faded altar of an unknown god.
  1089 | D:1      | Reached XP level 3. HP: 33/33 MP: 3/3
  1296 | D:2      | Noticed Jessica
  1300 | D:2      | Killed Jessica
  1301 | D:2      | Reached XP level 4. HP: 37/40 MP: 4/4
  1622 | D:2      | Reached skill level 1 in Evocations
  1677 | D:2      | Reached skill level 1 in Throwing
  2149 | D:3      | Noticed Robin
  2171 | D:3      | HP: 1/41 [Robin/+0 falchion of electrocution (12)]
  2613 | D:3      | Reached XP level 5. HP: 47/47 MP: 5/5
  2738 | D:3      | Killed Robin
  2739 | D:3      | Reached skill level 1 in Dodging
  3030 | D:3      | Noticed Ijyb
  3031 | D:3      | Found Tunefios's Weapon Shoppe.
  3043 | D:3      | Killed Ijyb
  3228 | D:4      | Reached XP level 6. HP: 51/55 MP: 6/6
  3230 | D:4      | Reached skill level 5 in Fighting
  3431 | D:4      | Noticed Eustachio
  3450 | D:4      | Killed Eustachio
  3451 | D:4      | Reached skill level 5 in Axes
  3451 | D:4      | Reached XP level 7. HP: 29/61 MP: 7/7
  3658 | D:4      | Found a radiant altar of Vehumet.
  3874 | D:4      | You fall into a shaft and drop 3 floors!
  3882 | D:7      | Found a staircase to the Ecumenical Temple.
  3891 | Temple   | Entered the Ecumenical Temple
  3896 | Temple   | Became a worshipper of Trog the Wrathful
  4277 | D:5      | Entered Level 5 of the Dungeon
  4277 | D:5      | Noticed Pikel
  4436 | D:5      | Killed Pikel
  4437 | D:5      | Reached XP level 8. HP: 52/71 MP: 8/8
  4659 | D:5      | Found a runed translucent door.
  4664 | D:5      | Noticed Rediskos's ghost (novice TeSu)
  4971 | D:5      | Reached skill level 5 in Shields
  5090 | D:5      | Reached skill level 5 in Armour
  5329 | D:5      | Reached * piety under Trog
  5604 | D:6      | Reached XP level 9. HP: 52/79 MP: 9/9
  7957 | D:7      | Found a basalt altar of Yredelemnul.
  8340 | D:8      | Shot with a bolt by an orc warrior

Illustrated notes

Levels and vault maps discovered:
D:1:      onia_arrival_handbag, layout_basic, basic_ecumenical_altar
D:2:      layout_loops_corners, uniq_jessica
D:3:      layout_loops_ring, serial_shops, nicolae_shop_bloodbath_and_beyond,
          uniq_ijyb, uniq_robin
D:4:      layout_rooms, fiery_altar_vehumet, uniq_eustachio
D:5:      layout_rooms, ebering_ghost_reflecting_pool,
          kennysheep_generic_room_2, uniq_pikel
D:6:      layout_loops_ring, chequers_jeans, chequers_serial_rivers_micro_c
D:7:      layout_basic, general_overflow_altar, minmay_temple_entry_waves,
          minmay_misc_feat_more_columns
D:8:      layout_gridville, fedhas_bush_and_centaur_altar, nrook_mini_vaults
Temple:   nicolae_temple_bog_church

Skill      XL: |  1  2  3  4  5  6  7  8  9 |
---------------+----------------------------+-----
Axes           | 3 4 5 6 7 8 |  8.6
Fighting       | 4 5 6 7 8 |  8.4
Evocations     | 1 2 3 4 |  4.1
Throwing       | 1 2 3 |  3.8
Dodging        | 1 2 3 |  3.3
Shields        | 4 5 |  5.8
Armour         | 4 5 |  5.8

Action                   |  1- 3 |  4- 6 |  7- 9 || total
-------------------------+-------+-------+-------++-------
Melee: War axe           |    83 |   150 |   329 ||   562
Throw: Boomerang         |       |       |     2 ||     2
Invok: Berserk           |       |       |     1 ||     1
Evoke: Wand              |       |    10 |     9 ||    19
  Use: Scroll            |     3 |     4 |     5 ||    12
       Potion            |       |     2 |     4 ||     6
Armor: Scale mail        |    41 |     4 |       ||    45
       Chain mail        |       |    94 |   135 ||   229
       Skin              |       |       |    50 ||    50
Dodge: Dodged            |    41 |    47 |   108 ||   196
Block: Buckler           |    17 |    93 |   203 ||   313
       Reflection        |       |     5 |     5 ||    10
